 Dungeon Crawl Stone Soup version 0.18.1-6-gd335043 (webtiles) character file.

11 hannobal the Sneak (level 2, -1/26 HPs)
             Began as a Naga Assassin on May 18, 2016.
             Slain by a kobold (3 damage)
             ... on level 1 of the Dungeon.
             The game lasted 00:02:17 (334 turns).

hannobal the Sneak (Naga Assassin)                   Turns: 334, Time: 00:02:18

Health: -1/26      AC:  2    Str: 13    XL:     2   Next: 29%
Magic:  2/2        EV:  9    Int: 11    God:
Gold:   49         SH:  0    Dex: 12    Spells: 0 memorised, 1 level left

rFire  . . .     SeeInvis +     b - +0 blowgun
rCold  . . .     Gourm    .     c - +0 robe
rNeg   . . .     Faith    .     (no shield)
rPois  +         Spirit   .     (no helmet)
rElec  .         Dismiss  .     d - +0 cloak
rCorr  .         Reflect  .     (no gloves)
SustAt .         Harm     .     (no barding)
MR     .....                    (no amulet)
Stlth  +++.......               (no ring)
                                (no ring)

@: short of breath, very slow, not resistant to hostile enchantments, fairly
stealthy
A: see invisible, deformed body, poison resistance, slowness 2, slow metabolism
1, spit poison 2, AC +0
a: Spit Poison


You were on level 1 of the Dungeon.
You were not hungry.

You visited 1 branch of the dungeon, and saw 1 of its levels.

You collected 49 gold pieces.

Inventory:

Hand Weapons
 a - a +2 dagger
 b - a +0 blowgun (weapon)
 h - a +0 hand axe
 m - a +0 short sword
Missiles
 e - 8 poisoned needles (quivered)
 i - 37 bolts
Armour
 c - a +0 robe (worn)
 d - a +0 cloak (worn)
Comestibles
 g - 2 bread rations
 j - a slice of pizza
 k - a beef jerky
 l - 5 chunks of flesh


   Skills:
 - Level 2.0 Fighting
 - Level 2.0 Short Blades
 + Level 2.4 Throwing
 - Level 1.0 Dodging
 - Level 6.0 Stealth


You had one spell level left.
You didn't know any spells.

Dungeon Overview and Level Annotations

Branches:
Dungeon (1/15)

Altars:


Innate Abilities, Weirdness & Mutations

You cannot wear boots.
Your serpentine skin is tough (AC +0).
You have supernaturally acute eyesight.
Armour fits poorly on your strangely shaped body.
Your system is resistant to poisons.
You cover ground very slowly.
You have a slow metabolism.
You can spit poison.


Message History

Quiver which item? (- for none, * to show all) (? for menu, Esc to quit)
Quivering
f - 2 curare-tipped needles for blowguns.
Firing (i - inventory. (,) - cycle):
f - 2 curare-tipped needles (quivered)
Press: ? - help, Shift-Dir - straight line, f/p - hobgoblin
Aim: a hobgoblin, wielding a club You shoot a curare-tipped needle.
The curare-tipped needle closely misses the hobgoblin.
The kobold hits you.
* * * LOW HITPOINT WARNING * * *
The hobgoblin hits you with a club.
* * * LOW HITPOINT WARNING * * *
Firing (i - inventory. (,) - cycle):
f - a curare-tipped needle (quivered)
Press: ? - help, Shift-Dir - straight line, f/p - hobgoblin
Aim: a hobgoblin, wielding a club You shoot a curare-tipped needle.
The curare-tipped needle hits the hobgoblin.
The hobgoblin is poisoned.
The hobgoblin convulses.
You kill the hobgoblin!
The kobold hits you.
You die...

.#.########..#.#>#.# #
.#.########..#.#...##.###
.#.#....................#
.........#####.#.(.##.#.#
.....###.................
.#.#......#..............
..........#..####........
.#........#..#......#.##.
..........#. #.#@(.(#.#
.......#..# # #.K.## #
....##.#... ....)# #####
.# #.#.#... ...#
...#.#..## ...# ..$
#.#..# ...# #.## #.#...
...# #. #.#..## ...#


You could see a kobold.

Vanquished Creatures
  A ball python (D:1)
  A giant cockroach (D:1)
  A hobgoblin (D:1)
  A bat (D:1)
  A giant newt (D:1)
  3 kobolds (D:1)
  5 rats (D:1)
13 creatures vanquished.

Notes
Turn   | Place    | Note
--------------------------------------------------------------
     0 | D:1      | hannobal the Naga Assassin began the quest for the Orb.
     0 | D:1      | Reached XP level 1. HP: 19/19 MP: 1/1
    14 | D:1      | Reached skill level 6 in Stealth
    92 | D:1      | Reached skill level 1 in Dodging
   260 | D:1      | Reached XP level 2. HP: 26/26 MP: 2/2
   334 | D:1      | Slain by a kobold

Skill      XL: |  1 |
---------------+----+-----
Stealth        | 6 |  6.0
Dodging        | 1 |  1.0
Throwing       | 2 |  2.4
Fighting       | |  2.0
Short Blades   | |  2.0

Action                   || total
-------------------------++-------
Melee: Dagger            ||    36
 Fire: Blowgun           ||     2
 Abil: Spit Poison       ||     5
  Use: Scroll            ||     2
 Stab: Sleeping          ||     1
Armor: Robe              ||     9
Dodge: Dodged            ||    23
